 Dungeon Crawl Stone Soup version 0.30-a0-722-g3e6e8c874d (webtiles) character file.

Game seed: 3219280034230829255

48750 browni3141 the Grappler (level 14, -5/136 HPs)
             Began as a Troll Berserker on Jan 27, 2023.
             Was a High Priest of Trog.
             Slain by a 15-headed hydra (10 damage)
             ... on level 3 of the Lair of Beasts.
             The game lasted 00:37:03 (15794 turns).

browni3141 the Grappler (Troll Berserker)          Turns: 15794, Time: 00:37:04

Health: -5/136     AC:  9    Str: 36    XL:     14   Next: 13%
Magic:  13/13      EV: 12    Int:  5    God:    Trog [*****.]
Gold:   362        SH: 11    Dex: 14    Spells: 13/13 levels left

rFire   + . .      SeeInvis +      - Unarmed
rCold   . . .      Faith    .    c - +0 kite shield
rNeg    + . .      Spirit   .    N - +0 troll leather armour
rPois   +          Reflect  .    R - +2 hat
rElec   +          Harm     .    n - +0 cloak of Light {rN+}
rCorr   .          Rampage  .    (gloves unavailable)
Will    ++...                    (boots unavailable)
Stlth   +                        (no amulet)
HPRegen 2.02/turn                q - ring of Janischuc {rPois rF+ Will+ Str+4 Int+2 Slay+3}
MPRegen 0.13/turn                Y - ring "Zagaf" {Contam Fly rElec Dex+5 SInv}

@: on berserk cooldown, flying, hasted and slowed
A: large, unfitting armour, claws 3, regeneration 1, shaggy fur 1, tough skin 1
a: Renounce Religion, Berserk, Trog's Hand, Brothers in Arms


You were on level 3 of the Lair of Beasts.
You worshipped Trog.
Trog was extremely pleased with you.
You visited 3 branches of the dungeon, and saw 17 of its levels.
You also visited: Bailey and Ice Cave.

You collected 2097 gold pieces.
You spent 1735 gold pieces at shops.

Inventory:

Missiles
 l - 27 boomerangs
 u - 5 datura-tipped darts
 A - 3 throwing nets
 O - 17 large rocks (quivered)
Armour
 c - a +0 kite shield (worn)
 n - the +0 cloak of Light (worn) {rN+}
   (You found it on level 3 of the Dungeon)

   rN:        It protects you from negative energy.
 s - an orb of guile
 I - a +0 robe of resistance
 N - a +0 troll leather armour (worn)
 R - a +2 hat (worn)
Jewellery
 m - an amulet of reflection
 q - the ring of Janischuc (left claw) {rPois rF+ Will+ Str+4 Int+2 Slay+3}
   (You bought it in a shop on level 2 of the Orcish Mines)

   [ring of willpower]

   Str:       It affects your strength (+4).
   Int:       It affects your intelligence (+2).
   Slay:      It affects your accuracy & damage with ranged weapons and melee
   (+3).
   rF:        It protects you from fire.
   rPois:     It protects you from poison.
   Will:      It increases your willpower.
 S - the amulet "Bit Puxt" {Acrobat Contam +Inv rPois}
   (You found it on level 1 of the Lair of Beasts)

   [amulet of the acrobat]

   It increases your evasion while moving and waiting.
   rPois:     It protects you from poison.
   +Inv:      It lets you turn invisible.
   Contam:    It causes magical contamination when unequipped.
 T - a ring of willpower
 Y - the ring "Zagaf" (right claw) {Contam Fly rElec Dex+5 SInv}
   (You bought it in a shop on level 2 of the Orcish Mines)

   [ring of see invisible]

   Dex:       It affects your dexterity (+5).
   rElec:     It insulates you from electricity.
   SInv:      It lets you see invisible.
   Fly:       It grants you flight.
   Contam:    It causes magical contamination when unequipped.
Wands
 t - a wand of charming (8)
 L - a wand of digging (1)
 M - a wand of iceblast (10)
 W - a wand of flame (5)
Scrolls
 d - a scroll of teleportation {unknown}
 e - a scroll of fear {unknown}
 g - a scroll of silence {unknown}
Potions
 f - 3 potions of haste
 h - 2 potions of degeneration {unknown}
 i - 11 potions of curing
 j - a potion of resistance {unknown}
 k - 4 potions of brilliance {unknown}
 w - a potion of ambrosia {unknown}
 B - a potion of berserk rage {unknown}
 C - 3 potions of might {unknown}
 D - 3 potions of lignification
 G - a potion of mutation {unknown}
 J - 3 potions of flight
 Q - a potion of heal wounds {unknown}
Miscellaneous
 a - a piece from Xom's chessboard (15/15)
 b - a condenser vane (inert)
 K - a tin of tremorstones (1/2)
 P - a box of beasts
 U - a tin of tremorstones (1/2)
 X - a box of beasts
 Z - a phantom mirror (inert)


   Skills:
 + Level 8.2 Fighting
 * Level 11.9 Throwing
 + Level 8.2 Dodging
 - Level 0.3 Stealth
 + Level 10.4 Shields
 * Level 13.3 Unarmed Combat


You had 13 spell levels left.
You didn't know any spells.
Your spell library was empty.

Dungeon Overview and Level Annotations

Branches:
Dungeon (12/15)            Temple (0/1) D:7            Lair (3/5) D:11
  Swamp (0/4) Lair:2          Orc (2/2) D:11            Elf (0/3) Orc:2
 Bailey (visited)           IceCv (visited)
  Snake: Lair:2-3    Spider: Lair:2-3

Altars:
Cheibriados
Elyvilon
Kikubaaqudgha
Nemelex Xobeh
Okawaru
Trog
Vehumet
Zin

Shops:
D:3 *   D:7 :   D:10 *((([   D:11 [(   Orc:2 =?=[[*?(*


Innate Abilities, Weirdness & Mutations

You are too large for most types of armour.
You have claws for hands.
Your natural rate of healing is unusually fast.
You are covered in fur. (AC +1)
You have tough skin. (AC +1)


Message History

You are no longer berserk.
You are exhausted.
You feel yourself slow down.
You see here 2 viscous dark potions.
You feel yourself speed up.
The elephant is engulfed in noxious fumes.
The elephant appears confused.
The elephant is engulfed in noxious fumes.
Press: ? - help, v - describe, . - travel
Here: a 15-headed hydra (heavily wounded)
The floor.
Okay, then.
Unknown command.
Your two-headed ogre goes berserk!
The 15-headed hydra barely misses you.
The 15-headed hydra bites you but does no damage.
The 15-headed hydra barely misses you. You block the 15-headed hydra's attack.
The 15-headed hydra barely misses you. The 15-headed hydra bites you!
* * * LOW HITPOINT WARNING * * *
The 15-headed hydra bites you but does no damage.
The 15-headed hydra bites you.
* * * LOW HITPOINT WARNING * * *
The 15-headed hydra closely misses you. You block the 15-headed hydra's attack.
The 15-headed hydra bites you but does no damage.
You block the 15-headed hydra's attack. x2
The 15-headed hydra bites you but does no damage.
The 15-headed hydra closely misses you.
The elephant is engulfed in noxious fumes. x2
The 15-headed hydra attacks as you move away!
The 15-headed hydra bites you but does no damage.
You block the 15-headed hydra's attack. The 15-headed hydra misses you.
The 15-headed hydra bites you.
* * * LOW HITPOINT WARNING * * *
The 15-headed hydra bites you but does no damage.
The 15-headed hydra bites you.
* * * LOW HITPOINT WARNING * * *
You block the 15-headed hydra's attack.
The 15-headed hydra bites you but does no damage.
You block the 15-headed hydra's attack. The 15-headed hydra bites you!
You die...

.....+.. # ..
#...#☼. #...
#....# .#.
#.°.# ##..#
#†Y°# #....
##.Y.#
###....##...##
P......#Y.###
........@D..#
...........##
#.....O..##
#........P#
#........##
##........# P
#P........#
... #........#
#.# #P.###†###
##.#


You could see a 15-headed hydra (ally target), 3 elephants and a friendly
two-headed ogre (summoned, berserk).

Vanquished Creatures
  An orc warlord (D:11)
  A yaktaur captain (D:11)
  A hydra (D:9)
  A death knight (D:11)
  3 ogre magi (Orc:2)
  3 boulder beetles
  4 death yaks (Lair:3)
  3 two-headed ogres
  A fire crab (shapeshifter) (D:11)
  A deep elf knight (D:9)
  2 bog bodies (IceCv)
  A flayed ghost (D:11)
  Lodul (D:10)
  Pikel (D:8)
  3 orc knights
  An ugly thing (D:9)
  7 orc sorcerers (Orc:2)
  3 elephants (Lair:3)
  5 cyclopes
  An ice statue (IceCv)
  2 cane toads
  A torpor snail (shapeshifter) (D:11)
  A gargoyle (D:11)
  A kobold demonologist (D:11)
  An unseen horror (D:11)
  A freezing wraith (IceCv)
  Psyche (D:10)
  5 komodo dragons
  An anaconda simulacrum (IceCv)
  6 trolls
  A hornet (D:9)
  A meliai (D:9)
  Prince Ribbit (D:5)
  Sigmund (D:6)
  A slime creature (D:9)
  3 wraiths
  21 yaks
  2 vampires
  4 wyverns
  4 basilisks
  A steam dragon (D:9)
  A harpy simulacrum (IceCv)
  A death yak simulacrum (IceCv)
  10 vampire mosquitoes
  Menkaure (D:5)
  2 wargs (Orc:2)
  5 acid dragons
  Duvessa (D:5)
  A hydra simulacrum (IceCv)
  13 water moccasins
  26 orc warriors
  4 sky beasts
  3 black bears
  13 ogres
  14 centaurs
  4 lemures
  Blork the orc (D:6)
  9 bullfrogs
  5 kobold brigands
  A gnoll sergeant (Orc:1)
  5 two-headed ogre simulacra
  4 scorpions
  3 cane toad simulacra
  9 wights
  Dowan (D:5)
  13 killer bees
  An elephant simulacrum (IceCv)
  4 howler monkeys (D:9)
  8 hounds
  4 gnoll boudas
  A jelly (D:6)
  9 orc priests
  8 iguanas
  Natasha (thrice) (D:2)
  37 orc wizards
  5 spriggan simulacra
  A statue (D:8)
  2 polar bear simulacra (IceCv)
  6 troll simulacra
  2 wolf simulacra
  38 gnolls
  5 adders
  13 naga simulacra
  2 shadow imps (D:7)
  5 white imps (IceCv)
  5 ufetubi
  A worm (D:2)
  3 dart slugs
  48 orcs
  5 endoplasms
  2 giant cockroaches
  7 goblins
  4 hobgoblins
  2 jackals (D:4)
  2 quokkas
  5 ball pythons
  2 bats
  5 frilled lizards
  25 kobolds
  6 rats
530 creatures vanquished.

Vanquished Creatures (collateral kills)
  A two-headed ogre (D:9)
  A boulder beetle (D:9)
  A yak (D:9)
  A basilisk (D:9)
  A centaur (D:9)
  A wight (D:9)
6 creatures vanquished.

Vanquished Creatures (others)
  A basilisk (D:9)
  An orc wizard (Orc:2)
  A fungus (Lair:2)
  14 plants
17 creatures vanquished.

Grand Total: 553 creatures vanquished

Notes
Turn   | Place    | Note
-------+----------+-------------------------------------------
     0 | D:1      | browni3141 the Troll Berserker began the quest for the Orb.
     0 | D:1      | Reached XP level 1. HP: 22/22 MP: 0/0
   234 | D:1      | Reached skill level 1 in Shields
   267 | D:1      | Reached XP level 2. HP: 22/29 MP: 1/1
   792 | D:2      | Noticed Natasha
   798 | D:2      | Killed Natasha
   799 | D:2      | Reached XP level 3. HP: 36/36 MP: 2/2
   882 | D:2      | Noticed Natasha
   894 | D:2      | Killed Natasha
   929 | D:2      | Reached XP level 4. HP: 36/44 MP: 3/3
   937 | D:2      | Reached ** piety under Trog
  1068 | D:2      | Noticed Natasha
  1076 | D:2      | Killed Natasha
  1077 | D:2      | Reached XP level 5. HP: 44/50 MP: 4/4
  1643 | D:3      | Identified the +0 cloak of Light {rN+}
  1834 | D:3      | Found a faded altar of an unknown god.
  1900 | D:3      | Found Qigrior's General Store.
  2348 | D:4      | Reached skill level 5 in Shields
  2359 | D:4      | Reached XP level 6. HP: 59/59 MP: 5/5
  2642 | D:4      | Reached skill level 1 in Throwing
  2647 | D:4      | Reached XP level 7. HP: 41/66 MP: 6/6
  2711 | D:4      | Found a white marble altar of Elyvilon.
  2716 | D:4      | Found a sparkling altar of Nemelex Xobeh.
  3156 | D:5      | Entered Level 5 of the Dungeon
  3156 | D:5      | Noticed Menkaure
  3168 | D:5      | Killed Menkaure
  3180 | D:5      | Noticed Duvessa
  3190 | D:5      | Noticed Dowan
  3199 | D:4      | Reached skill level 4 in Unarmed Combat
  3207 | D:5      | Killed Duvessa
  3208 | D:5      | Killed Dowan
  3208 | D:5      | Noticed Prince Ribbit
  3216 | D:5      | Killed Prince Ribbit
  3217 | D:5      | Reached XP level 8. HP: 69/75 MP: 7/7
  3299 | D:5      | Reached *** piety under Trog
  3300 | D:5      | Reached skill level 5 in Unarmed Combat
  3893 | D:6      | Noticed Sigmund
  3902 | D:6      | Killed Sigmund
  3903 | D:6      | Reached XP level 9. HP: 84/84 MP: 8/8
  3905 | D:6      | Reached skill level 6 in Unarmed Combat
  4285 | D:6      | Reached skill level 5 in Throwing
  4495 | D:6      | Noticed Blork the orc
  4502 | D:6      | Killed Blork the orc
  5176 | D:7      | Reached **** piety under Trog
  5199 | D:7      | Found Tuynoar's Book Shop.
  5206 | D:7      | Found a flagged portal.
  5217 | D:7      | Reached skill level 7 in Unarmed Combat
  5288 | Bailey   | Entered a bailey
  5295 | Bailey   | Noticed an orc knight
  5295 | Bailey   | Noticed an orc knight
  5471 | Bailey   | Killed an orc knight
  5472 | Bailey   | Reached XP level 10. HP: 94/94 MP: 9/9
  5531 | Bailey   | Killed an orc knight
  5561 | Bailey   | Reached skill level 5 in Dodging
  5577 | Bailey   | Reached skill level 5 in Fighting
  5736 | D:7      | Reached skill level 8 in Unarmed Combat
  5978 | D:7      | Found a staircase to the Ecumenical Temple.
  6161 | D:7      | Found a glowing silver altar of Zin.
  6164 | D:7      | Found a bloodstained altar of Trog.
  6168 | D:7      | Found a snail-covered altar of Cheibriados.
  6333 | D:8      | Noticed Pikel
  6461 | D:8      | Found an iron altar of Okawaru.
  6504 | D:8      | Killed Pikel
  6782 | D:8      | Found a radiant altar of Vehumet.
  6944 | D:9      | Noticed a two-headed ogre
  6954 | D:9      | Killed a two-headed ogre
  7038 | D:9      | Reached XP level 11. HP: 78/104 MP: 10/10
  7105 | D:9      | Reached skill level 9 in Unarmed Combat
  7316 | D:9      | Noticed a boulder beetle
  7340 | D:9      | Noticed a two-headed ogre
  7350 | D:9      | Killed a two-headed ogre
  7355 | D:9      | Noticed a boulder beetle
  7358 | D:9      | Killed a boulder beetle
  7425 | D:9      | Killed a boulder beetle
  7460 | D:9      | Noticed a brown ugly thing
  7483 | D:9      | Killed a brown ugly thing
  7511 | D:9      | Noticed a deep elf knight
  7527 | D:9      | Killed a deep elf knight
  7548 | D:9      | Reached skill level 10 in Unarmed Combat
  7579 | D:9      | Noticed a six-headed hydra
  7629 | D:9      | Killed a 12-headed hydra
  7919 | D:9      | Reached XP level 12. HP: 115/115 MP: 11/11
  8128 | D:10     | Entered Level 10 of the Dungeon
  8128 | D:10     | Found Eppa's Antique Armour Shop.
  8153 | D:10     | Noticed Lodul
  8224 | D:10     | Found Puyficko's Antique Weapon Emporium.
  8290 | D:10     | Found Omaynlur's Weapon Shoppe.
  8732 | D:10     | Found Qer Qusy's Assorted Antiques.
  8884 | D:10     | Reached ***** piety under Trog
  8897 | D:10     | Found Nuczi's Weapon Emporium.
  8915 | D:10     | Noticed Psyche
  8920 | D:10     | Killed Psyche
  9093 | D:10     | Killed Lodul
  9094 | D:10     | Reached skill level 11 in Unarmed Combat
  9347 | D:11     | Found Nizxetz's Armour Shoppe.
  9347 | D:11     | Found a staircase to the Orcish Mines.
  9347 | D:11     | Found Bunk's Weapon Shoppe.
  9476 | D:11     | Noticed a boulder beetle
  9487 | D:11     | Killed a boulder beetle
  9498 | D:11     | a steelbarb worm changed into an anaconda
  9498 | D:11     | Noticed an anaconda (glowing shapeshifter)
  9504 | D:11     | an anaconda changed into a spark wasp
  9504 | D:11     | Noticed a spark wasp (glowing shapeshifter)
  9510 | D:11     | a spark wasp changed into a torpor snail
  9598 | D:11     | Reached skill level 10 in Throwing
  9875 | D:11     | Found a staircase to the Lair.
  9973 | D:11     | Noticed a boulder beetle
  9975 | D:11     | Noticed a two-headed ogre
  9975 | D:11     | Noticed a yaktaur captain
  9979 | D:11     | Noticed a death knight
 10011 | D:12     | Killed a boulder beetle
 10216 | D:11     | Killed a yaktaur captain
 10278 | D:11     | Noticed an orc warlord
 10289 | D:11     | Killed an orc warlord
 10290 | D:11     | Reached XP level 13. HP: 124/124 MP: 12/12
 10627 | D:11     | Reached skill level 12 in Unarmed Combat
 10700 | Orc:1    | Entered Level 1 of the Orcish Mines
 10987 | Orc:1    | Found a frozen archway.
 10995 | IceCv    | Entered an ice cave
 12434 | Orc:1    | You fall into a shaft and drop 1 floor!
 12434 | Orc:2    | Entered Level 2 of the Orcish Mines
 12518 | Orc:2    | Found Vafuch's Assorted Antiques.
 12552 | Orc:2    | Found Oluuklah's Weapon Shoppe.
 12594 | Orc:2    | Reached skill level 10 in Shields
 12680 | Orc:2    | Found Fecocetu's Magic Scroll Shop.
 12696 | Orc:2    | Found Kanlats's Armour Emporium.
 12733 | Orc:2    | Found Niaq's General Store.
 12870 | Orc:2    | Found Awoq's Jewellery Boutique.
 12926 | Orc:2    | Found a radiant altar of Vehumet.
 12956 | Orc:2    | Found Inoz's Jewellery Boutique.
 12985 | Orc:2    | Found an ancient bone altar of Kikubaaqudgha.
 13111 | Orc:2    | Found Kagah's Antique Armour Boutique.
 13131 | Orc:2    | Found Sagolih's Magic Scroll Shop.
 13408 | Orc:2    | Bought the ring of Janischuc {rPois rF+ Will+ Str+4 Int+2
                  | Slay+3} for 957 gold pieces
 13428 | Orc:2    | Bought a runed hat for 238 gold pieces
 13466 | Orc:2    | Bought the ring "Zagaf" {Contam Fly rElec Dex+5 SInv} for
                  | 540 gold pieces
 13743 | Orc:2    | Found a staircase to the Elven Halls.
 13986 | Lair:1   | Entered Level 1 of the Lair of Beasts
 14125 | Lair:1   | Identified the amulet "Bit Puxt" {Acrobat Contam +Inv
                  | rPois}
 14420 | Lair:1   | Identified the +8 dagger of Due Proportion {heavy, Str+4}
                  | (Trog gifted it to you on level 1 of the Lair of Beasts)
 14420 | Lair:1   | Received a gift from Trog
 14957 | Lair:2   | Found a staircase to the Swamp.
 14980 | Lair:2   | Reached skill level 13 in Unarmed Combat
 15718 | Lair:3   | Reached XP level 14. HP: 124/136 MP: 13/13
 15794 | Lair:3   | HP: 5/136 [15-headed hydra (2)]
 15794 | Lair:3   | Slain by a 15-headed hydra

Illustrated notes

Levels and vault maps discovered:
D:1:      dpeg_arrival_long_road, layout_basic, kennysheep_boxes
D:2:      layout_basic, serial_bayou_ford_a, uniq_natasha
D:3:      layout_loops_cross, shapermc_ecumenical_altar_mp_vishouse,
          serial_shops, shop, reono_crystal_passage, hangedman_decor_push
D:4:      layout_basic, mainiacjoe_overflow_large_starburst
D:5:      layout_rooms, grunt_ministairs_8, uniq_duvessa, uniq_menkaure,
          uniq_prince_ribbit1
D:6:      layout_cave_pods, centaur_isle, uniq_blork_the_orc, uniq_sigmund
D:7:      layout_loops_ring, grunt_temple_overflow_diamond,
          minmay_temple_entry_junction, serial_shops, shop, enter_bailey_2
D:8:      layout_cave_pools, vehumet_statue, old_standard_altar, uniq_pikel
D:9:      nzn_winding_woodlands_large [nzn_winding_woodlands_5x5_default,
          nzn_winding_woodlands_5x15_concentric,
          nzn_winding_woodlands_5x5_cross,
          nzn_winding_woodlands_center_triple_pond,
          nzn_winding_woodlands_15x15_killbox,
          nzn_winding_woodlands_center_garden,
          nzn_winding_woodlands_5x5_checkerboard,
          nzn_winding_woodlands_5x15_pockets,
          nzn_winding_woodlands_5x5_closed_star], layout_irregular_city
D:10:     layout_basic, serial_shops, shop, shop_statue, shop, shop,
          nicolae_stop_n_shop_2, st_stairs_10, hangedman_corner_corridor,
          uniq_lodul, uniq_psyche
D:11:     minmay_chopped_fan, layout_long_grid, lair_entry_dummy, orc_david_3,
          nzn_life_drinkers
D:12:     minmay_polygon_palace, layout_basic, minmay_nine_imps
Lair:1:   layout_hall_layers, infiniplex_staircase_pool_2, grunt_megastairs_1,
          lemuel_fruit_tree
Lair:2:   layout_gridlike, swamp_mist
Lair:3:   layout_roguey, nicolae_spider_entry_orb_guardian, beast_lair_carwin_11
Orc:1:    layout_caves, portal_ice_cave_entry_ice_simulacra
Orc:2:    kennysheep_orc_mage_school, layout_caves, serial_shops,
          nicolae_shop_behind_doors, shop, nicolae_shop_bloodbath_and_beyond,
          shop, nicolae_shop_trees, special_room

Skill      XL: |  1  2  3  4  5  6  7  8  9 10 11 12 13 |
---------------+----------------------------------------+-----
Shields        | 1 2 3 4 5 6 7 8 9 10 | 10.4
Throwing       | 1 3 4 6 7 9 10 11 | 11.9
Unarmed Combat | 4 5 7 8 10 11 13 | 13.3
Fighting       | 3 4 5 6 7 8 |  8.2
Dodging        | 3 4 5 6 7 8 |  8.2
Stealth        | |  0.3

Action                     |  1- 3 |  4- 6 |  7- 9 | 10-12 | 13-15 || total
---------------------------+-------+-------+-------+-------+-------++-------
  Melee: Unarmed           |    54 |   139 |   257 |   714 |   555 ||  1719
  Throw: Boomerang         |       |       |    51 |     9 |       ||    60
         Large rock        |       |       |       |     4 |     7 ||    11
         Throwing net      |       |       |       |     1 |       ||     1
 Invoke: Berserk           |     1 |     3 |     7 |    20 |     7 ||    38
         Trog's Hand       |       |       |       |     5 |     5 ||    10
         Brothers in Arms  |       |       |       |     5 |     1 ||     6
  Evoke: Tin of tremorston |       |       |       |     2 |     1 ||     3
         Wand              |       |       |       |     5 |     3 ||     8
         Box of beasts     |       |       |       |     2 |       ||     2
         Phantom mirror    |       |       |       |       |     1 ||     1
         Condenser vane    |       |       |       |       |     1 ||     1
    Use: Potion            |       |       |     2 |     4 |     1 ||     7
   Stab: Sleeping          |     2 |     2 |       |       |       ||     4
         Held in net/web   |       |       |       |     1 |       ||     1
         Confused          |       |       |       |       |     1 ||     1
 Armour: Animal skin       |    17 |    69 |    94 |    66 |       ||   246
         Troll leather arm |       |       |       |   213 |   103 ||   316
         Robe              |       |       |       |       |    29 ||    29
  Dodge: Dodged            |    22 |    42 |   116 |   254 |   208 ||   642
  Block: Kite shield       |    11 |    59 |   163 |   358 |   256 ||   847

Table legend: (Time is in decaauts)
 A = Elapsed time spent in this place.
 B = Non-inter-level travel time spent in this place.
 C = Inter-level travel time spent in this place.
 D = Time resting spent in this place.
 E = Time spent auto-exploring this place.
 F = Levels seen in this place.
 G = Mean time per level.
                   A        B        C        D        E       F      G
               +--------+--------+--------+--------+--------+-----+--------+
         Total |  15995 |  15244 |    751 |   1018 |  10051 |  19 |  841.8 |
       Dungeon |  10770 |  10280 |    490 |    805 |   6738 |  12 |  897.5 |
          Lair |   1778 |   1741 |     37 |      0 |   1434 |   3 |  592.7 |
  Orcish Mines |   1760 |   1537 |    223 |     58 |   1070 |   2 |  880.0 |
        Bailey |    407 |    407 |      0 |     49 |    103 |   1 |  407.0 |
      Ice Cave |   1279 |   1279 |      0 |    104 |    706 |   1 | 1279.0 |
               +--------+--------+--------+--------+--------+-----+--------+

Top non-repeatable levels by time:
    D:11: 1440 daAuts
     D:9: 1428 daAuts
   Orc:2: 1327 daAuts
     D:6: 1312 daAuts
   IceCv: 1279 daAuts
    D:10: 1076 daAuts
     D:7: 901 daAuts
     D:4: 869 daAuts
  Lair:1: 859 daAuts
     D:2: 854 daAuts
     D:1: 794 daAuts
  Lair:2: 729 daAuts
     D:3: 701 daAuts
     D:5: 644 daAuts
     D:8: 620 daAuts
